 Dungeon Crawl Stone Soup version 0.25-a0-341-g6f074c887a (webtiles) character file.

Game seed: 1636919846539887514, levelgen mode: deterministic

9 night the Caller (level 2, -4/23 HPs)
             Began as a Demonspawn Wanderer on Dec 30, 2019.
             Slain by Natasha (13 damage)
             ... on level 2 of the Dungeon.
             The game lasted 00:01:45 (925 turns).

night the Caller (Demonspawn Wanderer)               Turns: 925, Time: 00:01:45

Health: -4/23      AC:  4    Str: 12    XL:     2   Next: 6%
Magic:  1/2        EV: 11    Int: 12    God:
Gold:   106        SH:  0    Dex: 13    Spells: 0/1 levels left

rFire    . . .     SeeInvis .   a - +2 mace
rCold    . . .     Gourm    .   (no shield)
rNeg     . . .     Faith    .   d - +0 robe
rPois    .         Spirit   .   (no helmet)
rElec    .         Reflect  .   (no cloak)
rCorr    .         Harm     .   (no gloves)
MR       .....                  (no boots)
Stlth    +.........             (no amulet)
HPRegen  0.07/turn              (no ring)
MPRegen  0.08/turn              (no ring)

@: no status effects
A: slimy green scales 1
a: no special abilities


You were on level 2 of the Dungeon.
You were not hungry.

You visited 1 branch of the dungeon, and saw 2 of its levels.

You collected 106 gold pieces.

Inventory:

Hand Weapons
 a - a +2 mace (weapon)
Missiles
 b - 34 stones (quivered)
 h - 28 sling bullets
Armour
 d - a +0 robe (worn)
Scrolls
 e - a scroll of identify {unknown}
 g - a scroll of amnesia {unknown}
 j - a scroll of fear {unknown}
Potions
 c - 2 potions of cancellation {unknown}
 i - a potion of brilliance {unknown}
Comestibles
 f - 3 rations
 k - 2 chunks of flesh


   Skills:
 + Level 2.5 Fighting
 + Level 1.0 Maces & Flails
 - Level 1.7 Throwing
 - Level 0.4 Stealth
 + Level 0.3 Spellcasting
 - Level 5.0 Summonings


You couldn't memorise any spells.
You knew the following spells:

 Your Spells              Type           Power        Failure   Level  Hunger
a - Summon Butterflies    Summ           ##......     4%          1    ##.....

Your spell library contained the following spells:

 Spells                   Type           Power        Failure   Level  Hunger
 Foxfire                  Conj/Fire      #...         32%         1    ##.....
 Summon Guardian Golem    Hex/Summ       #.......     34%         3    ####...
 Inner Flame              Hex/Fire       #.......     67%         3    ####...


Dungeon Overview and Level Annotations

Branches:
Dungeon (2/15)

Altars:

Annotations:
D:2 Natasha


Innate Abilities, Weirdness & Mutations

You are partially covered in slimy green scales. (AC +2)


Message History

Found a stone staircase leading up.
A quokka and Natasha come into view.
Found a stone staircase leading up.
Casting: Summon Butterflies (safe; 4% risk of failure)
Confirm with . or Enter, or press ? or * to list all spells.
Natasha closely misses your butterfly. The quokka closely misses you.
The quokka barely misses you.
Natasha completely misses your butterfly.
You sock the quokka!
You kill the quokka!
Natasha drinks a potion.
Natasha seems to grow stronger.
You swap places.
Natasha claws you.
You hit Natasha.
Natasha is lightly wounded.
Natasha claws you!
You closely miss Natasha.
Natasha is lightly wounded.
Natasha claws you!
Ouch! That really hurt!
You die...

# #. <. . . ..
#. .# # #. #.
.. ..
.#.#.##.##. .#
.......... ..
#......#.#.#.#
..b.###......#
#....#h######
##.....@#
###....bb.#
..........#
#.b...<.#
#.####.....##
..........##
.........##
..######.## ##
#..## #


You could see Natasha.

Vanquished Creatures
  A leopard gecko (D:1)
  A bat (D:1)
  2 kobolds (D:1)
  2 quokkas (D:2)
  2 rats (D:1)
8 creatures vanquished.

Notes
Turn   | Place    | Note
-------+----------+-------------------------------------------
     0 | D:1      | night the Demonspawn Wanderer began the quest for the Orb.
     0 | D:1      | night set off with the following items: a +2 mace, a +0
                  | robe, a ration; and the following spells available to
                  | memorise: Summon Butterflies, Foxfire, Summon Guardian
                  | Golem, Inner Flame
     0 | D:1      | Reached XP level 1. HP: 16/16 MP: 1/1
   777 | D:2      | Gained mutation: You are partially covered in slimy green
                  | scales. (AC +2) [demonic ancestry]
   777 | D:2      | Reached XP level 2. HP: 16/23 MP: 2/2
   876 | D:2      | Learned a level 1 spell: Summon Butterflies
   915 | D:2      | Noticed Natasha
   925 | D:2      | Slain by Natasha

Levels and vault maps discovered:
D:1:      lightli_molten_gateway, layout_rooms
D:2:      layout_loops_ring, st_stairs_8, minmay_misc_feat_chi, uniq_natasha,
          uniq_crazy_yiuf_cottage, uniq_robin

Action                   || total
-------------------------++-------
Melee: Mace              ||    22
 Cast: Summon Butterflie ||     1
Armor: Robe              ||     8
Dodge: Dodged            ||    20

Table legend:
 A = Non-vault XP
 B = Vault XP
 C = Vault XP percentage of total XP
 D = Non-vault monster count
 E = Vault monster count
 F = Vault count percentage of total count
                 A         B        C        D         E       F
            +---------+---------+-------+---------+---------+-------
      Total |      12 |       2 |  14.3 |       7 |       1 |  12.5
            +---------+---------+-------+---------+---------+-------
        D:1 |      10 |       0 |   0.0 |       6 |       0 |   0.0
        D:2 |       2 |       2 |  50.0 |       1 |       1 |  50.0
            +---------+---------+-------+---------+---------+-------
